A- SE
TAMPA TARPONS @ PALM BEACH CARDINALS
08/08/2041
 
TOP OF THE 1ST
Tampa Tarpons batting - Pitching for Palm Beach Cardinals : RHP Ánibal Pérez
Pitching: RHP Ánibal Pérez
Batting: RHB Héctor Brajo 0-0: Ball
1-0: Ball
2-0: Called Strike
2-1: Ground out 6-3 (Groundball, 6MD, EV 96.9 MPH)
Batting: RHB Lou Smith 0-0: Ball
1-0: Ball
2-0: Called Strike
2-1: Ball
3-1: Ground out 6-3 (Groundball, 6, EV 84.4 MPH)
Batting: RHB Bob Gallagher 0-0: Ball
1-0: Ground out 6-3 (Groundball, 6, EV 103.8 MPH)
Top of the 1st over - 0 runs, 0 hits, 0 errors, 0 left on base; Tampa 0 - Palm Beach 0
BOTTOM OF THE 1ST
Palm Beach Cardinals batting - Pitching for Tampa Tarpons : RHP Mike Conway
Pitching: RHP Mike Conway
Batting: RHB Alfredo Ramírez 0-0: Fly out, F9 (Flyball, 9LSF, EV 84.4 MPH)
Batting: RHB Ken Dunn 0-0: Called Strike
0-1: Called Strike
0-2: Foul Ball, location: 2F
0-2: Ball
1-2: DOUBLE (Line Drive, 7LM, EV 106.3 MPH)
Batting: LHB Joe Keller 0-0: Ball
1-0: Ball
2-0: SINGLE (Groundball, 6S, EV 66.9 MPH)
Ken Dunn to third
Batting: RHB Arturo Santos 0-0: Called Strike
0-1: Ball
1-1: Called Strike
1-2: Strikes out swinging
Batting: LHB Mike LeBlanc 0-0: 3-RUN HOME RUN (Flyball, 8LXD, EV 101.9 MPH), Distance : 415 ft
Batting: RHB Walt Nelson 0-0: Swinging Strike
0-1: Ball
1-1: Swinging Strike
1-2: Fly out, F9 (Flyball, 9S, EV 91.3 MPH)
Bottom of the 1st over - 3 runs, 3 hits, 0 errors, 0 left on base; Tampa 0 - Palm Beach 3
TOP OF THE 2ND
Tampa Tarpons batting - Pitching for Palm Beach Cardinals : RHP Ánibal Pérez
Batting: RHB Hugh Johnstone 0-0: Ball
1-0: SINGLE (Line Drive, 9S, EV 94.4 MPH)
Batting: LHB Freddy Guzmán 0-0: Ball
1-0: Swinging Strike
1-1: Foul Ball, location: 2F
1-2: Fly out, F8 (Flyball, 8RM, EV 85.6 MPH)
Batting: RHB Pancho García 0-0: Ball
1-0: Called Strike
1-1: Ball
2-1: Ball
3-1: Base on Balls
Hugh Johnstone to second
Batting: RHB Ludovic Pelletier 0-0: Ball
1-0: Swinging Strike
1-1: Ball
2-1: Reached on error, E6 (Groundball, 6, EV 87.5 MPH)
Hugh Johnstone to third
Pancho García to second
Batting: RHB Jim Unknown 0-0: Called Strike
0-1: Fly out, F8 (Flyball, 8LD, EV 103.1 MPH)
Runner from 3rd tags up, OUT at HOME! 8-2
Top of the 2nd over - 0 runs, 1 hit, 1 error, 2 left on base; Tampa 0 - Palm Beach 3
BOTTOM OF THE 2ND
Palm Beach Cardinals batting - Pitching for Tampa Tarpons : RHP Mike Conway
Batting: LHB Luis Carrasco 0-0: Swinging Strike
0-1: Ball
1-1: Ground out 6-3 (Groundball, 6, EV 88.1 MPH)
Batting: RHB Arturo Montés 0-0: Ball
1-0: Ball
2-0: Ground out 4-3 (Groundball, 4, EV 106.3 MPH)
Batting: RHB Manny Díaz 0-0: Ball
1-0: Fly out, F9 (Flyball, 9, EV 84.4 MPH)
Bottom of the 2nd over - 0 runs, 0 hits, 0 errors, 0 left on base; Tampa 0 - Palm Beach 3
TOP OF THE 3RD
Tampa Tarpons batting - Pitching for Palm Beach Cardinals : RHP Ánibal Pérez
Batting: RHB Jim Unknown 0-0: Swinging Strike
0-1: Foul Ball, location: 2F
0-2: Ball
1-2: Fly out, F8 (Flyball, 8RM, EV 81.9 MPH)
Batting: RHB Héctor Brajo 0-0: Ball
1-0: Ball
2-0: Foul Ball, location: 7LDF
2-1: Ball
3-1: Ground out 6-3 (Groundball, 56, EV 106.9 MPH)
Batting: RHB Lou Smith 0-0: Ball
1-0: Foul Ball, location: 2F
1-1: Ball
2-1: Ball
3-1: Fly out, F8 (Flyball, 78M, EV 95.0 MPH)
Top of the 3rd over - 0 runs, 0 hits, 0 errors, 0 left on base; Tampa 0 - Palm Beach 3
BOTTOM OF THE 3RD
Palm Beach Cardinals batting - Pitching for Tampa Tarpons : RHP Mike Conway
Batting: RHB Alfredo Ramírez 0-0: Fly out, F9 (Flyball, 9S, EV 85.0 MPH)
Batting: RHB Ken Dunn 0-0: Ball
1-0: Ball
2-0: Foul Ball, location: 23F
2-1: Ground out 6-3 (Groundball, 6S, EV 65.6 MPH)
Batting: LHB Joe Keller 0-0: Called Strike
0-1: Foul Ball, location: 7LDF
0-2: Strikes out swinging
Bottom of the 3rd over - 0 runs, 0 hits, 0 errors, 0 left on base; Tampa 0 - Palm Beach 3
TOP OF THE 4TH
Tampa Tarpons batting - Pitching for Palm Beach Cardinals : RHP Ánibal Pérez
Batting: RHB Bob Gallagher 0-0: Ball
1-0: Ball
2-0: Ball
3-0: Base on Balls
Batting: RHB Hugh Johnstone 0-0: Ball
1-0: Ball
Bob Gallagher steals 2nd base
2-0: Ball
3-0: Base on Balls
Batting: LHB Freddy Guzmán 0-0: Ball
1-0: Called Strike
1-1: 3-RUN HOME RUN (Flyball, 9D, EV 96.3 MPH), Distance : 357 ft
Batting: RHB Pancho García 0-0: Ball
1-0: Fly out, F9 (Line Drive, 89M, EV 90.6 MPH)
Batting: RHB Ludovic Pelletier 0-0: Foul Ball, location: 2RF
0-1: Fly out, F9 (Flyball, 9, EV 88.1 MPH)
Batting: RHB Jim Unknown 0-0: Ball
1-0: Ball
2-0: Ball
3-0: Called Strike
3-1: Called Strike
3-2: Foul Ball, location: 3F
3-2: Ground out 3-1 (Groundball, 34S, EV 84.4 MPH)
Top of the 4th over - 3 runs, 1 hit, 0 errors, 0 left on base; Tampa 3 - Palm Beach 3
BOTTOM OF THE 4TH
Palm Beach Cardinals batting - Pitching for Tampa Tarpons : RHP Mike Conway
Batting: RHB Arturo Santos 0-0: Called Strike
0-1: Called Strike
0-2: Strikes out swinging
Batting: LHB Mike LeBlanc 0-0: Swinging Strike
0-1: Foul Ball, location: 3F
0-2: Foul Ball, location: 7LSFF
0-2: Ball
1-2: Foul Ball, location: 5F
1-2: Foul Ball, location: 23F
1-2: Ball
2-2: Ball
3-2: Foul Ball, location: 7LSF
3-2: Ground out 4-3 (Groundball, 4, EV 85.6 MPH)
Batting: RHB Walt Nelson 0-0: Called Strike
0-1: Ground out 6-3 (Groundball, 6, EV 78.1 MPH)
Bottom of the 4th over - 0 runs, 0 hits, 0 errors, 0 left on base; Tampa 3 - Palm Beach 3
TOP OF THE 5TH
Tampa Tarpons batting - Pitching for Palm Beach Cardinals : RHP Ánibal Pérez
Batting: RHB Jim Unknown 0-0: Ball
1-0: Ball
2-0: Ball
3-0: Called Strike
3-1: Foul Ball, location: 2F
3-2: Base on Balls
Batting: RHB Héctor Brajo 0-0: Ball
1-0: Ball
2-0: Called Strike
2-1: Ball
3-1: Base on Balls
Jim Unknown to second
Batting: RHB Lou Smith 0-0: Sac Bunt to 2R - play at first, batter OUT! 2-3
Jim Unknown to third
Héctor Brajo to second
Batting: RHB Bob Gallagher 0-0: Swinging Strike
0-1: Called Strike
0-2: Foul Ball, location: 9LSF
0-2: Ball
1-2: Foul Ball, location: 2F
1-2: Fly out, F8 (Flyball, 8RD, EV 89.4 MPH)
Runner from 3rd tags up, SCORES, throw by CF
Pitching: LHP Luis Tobías
Batting: RHB Hugh Johnstone 0-0: Ball
1-0: Fly out, F7 (Flyball, 78S, EV 92.5 MPH)
Top of the 5th over - 1 run, 0 hits, 0 errors, 1 left on base; Tampa 4 - Palm Beach 3
BOTTOM OF THE 5TH
Palm Beach Cardinals batting - Pitching for Tampa Tarpons : RHP Mike Conway
Batting: LHB Luis Carrasco 0-0: Ball
1-0: Ball
2-0: Foul Ball, location: 2F
2-1: Foul Ball, location: 3F
2-2: Ball
3-2: Ground out U3 (Groundball, 3, EV 87.5 MPH)
Batting: RHB Arturo Montés 0-0: Called Strike
0-1: Swinging Strike
0-2: Foul Ball, location: 3F
0-2: Ball
1-2: Foul Ball, location: 9LDF
1-2: Ball
2-2: Ball
3-2: Base on Balls
Batting: RHB Manny Díaz 0-0: Ball
1-0: Ball
2-0: Foul Ball, location: 3F
2-1: Grounds into double play, 6-4-3 (Groundball, 6, EV 85.0 MPH)
Bottom of the 5th over - 0 runs, 0 hits, 0 errors, 0 left on base; Tampa 4 - Palm Beach 3
TOP OF THE 6TH
Tampa Tarpons batting - Pitching for Palm Beach Cardinals : LHP Luis Tobías
Batting: LHB Freddy Guzmán 0-0: Ball
1-0: Called Strike
1-1: Foul Ball, location: 2F
1-2: Ball
2-2: Ball
3-2: Foul Ball, location: 9LMF
3-2: Fly out, F8 (Flyball, 8RD, EV 87.5 MPH)
Batting: RHB Pancho García 0-0: Ball
1-0: SINGLE (Groundball, 15, EV 72.5 MPH) (infield hit)
Batting: RHB Ludovic Pelletier 0-0: Ball
Pancho García is caught stealing 2nd base 2-4
1-0: Foul Ball, location: 23FF
1-1: Ball
2-1: Called Strike
2-2: Strikes out looking
Top of the 6th over - 0 runs, 1 hit, 0 errors, 0 left on base; Tampa 4 - Palm Beach 3
BOTTOM OF THE 6TH
Palm Beach Cardinals batting - Pitching for Tampa Tarpons : RHP Mike Conway
Batting: RHB Alfredo Ramírez 0-0: Called Strike
0-1: Foul Ball, location: 2F
0-2: Hit by Pitch
Batting: RHB Ken Dunn 0-0: Called Strike
0-1: SINGLE (Groundball, 56, EV 103.8 MPH)
Alfredo Ramírez to second
Batting: LHB Joe Keller 0-0: Ball
1-0: Ball
2-0: Foul Ball, location: 7LDF
2-1: Foul Ball, location: 7LMF
2-2: Grounds out, U3 (Groundball, 3L, EV 86.9 MPH)
Alfredo Ramírez to third
Batting: RHB Arturo Santos 0-0: Called Strike
0-1: Ball
1-1: Foul Ball, location: 5F
1-2: Ball
2-2: Foul Ball, location: 3FF
2-2: Strikes out swinging
Batting: LHB Mike LeBlanc 0-0: Ball
1-0: Ball
2-0: Ball
3-0: Called Strike
3-1: Base on Balls
Batting: RHB Walt Nelson 0-0: Foul Ball, location: 2F
0-1: GRAND SLAM HOME RUN (Flyball, 78XD, EV 108.1 MPH), Distance : 401 ft
Pitching: LHP Jim Unknown
Batting: LHB Luis Carrasco 0-0: Ball
1-0: Swinging Strike
1-1: Called Strike
1-2: Strikes out looking
Bottom of the 6th over - 4 runs, 2 hits, 0 errors, 0 left on base; Tampa 4 - Palm Beach 7
TOP OF THE 7TH
Tampa Tarpons batting - Pitching for Palm Beach Cardinals : LHP Luis Tobías
Batting: RHB Jim Unknown 0-0: Ball
1-0: Ball
2-0: SINGLE (Groundball, 4MD, EV 103.1 MPH)
Batting: RHB Jim Unknown 0-0: Sac Bunt to 2L - play at first, batter OUT! 2-3
Jim Unknown to second
Batting: RHB Héctor Brajo 0-0: Called Strike
0-1: Ball
1-1: Called Strike
1-2: SINGLE (Groundball, 13S, EV 73.8 MPH) (infield hit)
Jim Unknown to third
Batting: RHB Lou Smith 0-0: SINGLE (Groundball, 3S, EV 66.9 MPH) (infield hit)
Jim Unknown scores
Héctor Brajo to second
Batting: RHB Bob Gallagher 0-0: Called Strike
0-1: Ball
1-1: Ball
2-1: Ball
3-1: Base on Balls
Héctor Brajo to third
Lou Smith to second
Pitching: RHP Juan Sánchez
Batting: RHB Hugh Johnstone 0-0: Ball
1-0: Ball
2-0: Swinging Strike
2-1: Foul Ball, location: 2F
2-2: Fly out, F3 (Line Drive, 3, EV 73.8 MPH)
Lined into DP, U3 (Line Drive, 3, EV 73.8 MPH)
Top of the 7th over - 1 run, 3 hits, 0 errors, 2 left on base; Tampa 5 - Palm Beach 7
BOTTOM OF THE 7TH
Palm Beach Cardinals batting - Pitching for Tampa Tarpons : LHP Jim Unknown
Batting: RHB Arturo Montés 0-0: Called Strike
0-1: Ball
1-1: SINGLE (Line Drive, 4D, EV 98.8 MPH)
Batting: RHB Manny Díaz 0-0: Called Strike
0-1: Ball
1-1: Sac Bunt to 13S - play at first, batter OUT! 1-3
Arturo Montés to second
Batting: RHB Alfredo Ramírez 0-0: Ball
Arturo Montés is caught stealing 3rd base 2-5
1-0: Ball
2-0: Called Strike
2-1: Ball
3-1: Base on Balls
Batting: RHB Ken Dunn 0-0: Ball
Alfredo Ramírez is caught stealing 2nd base 2-4
Bottom of the 7th over - 0 runs, 1 hit, 0 errors, 0 left on base; Tampa 5 - Palm Beach 7
TOP OF THE 8TH
Tampa Tarpons batting - Pitching for Palm Beach Cardinals : RHP Juan Sánchez
Batting: LHB Freddy Guzmán 0-0: Swinging Strike
0-1: Called Strike
0-2: Ball
1-2: Strikes out looking
Batting: RHB Pancho García 0-0: Ground out 4-3 (Groundball, 4S, EV 68.1 MPH)
Batting: RHB Ludovic Pelletier 0-0: Ground out 1-3 (Groundball, P, EV 66.9 MPH)
Top of the 8th over - 0 runs, 0 hits, 0 errors, 0 left on base; Tampa 5 - Palm Beach 7
BOTTOM OF THE 8TH
Palm Beach Cardinals batting - Pitching for Tampa Tarpons : LHP Jim Unknown
Batting: RHB Ken Dunn 0-0: Foul Ball, location: 7LDF
0-1: Foul Ball, location: 9LMF
0-2: TRIPLE (Flyball, 89XD, EV 100.0 MPH)
Batting: LHB Joe Keller 0-0: Called Strike
0-1: Foul Ball, location: 5FF
0-2: Ball
1-2: Ball
2-2: Ball
3-2: Foul Ball, location: 5FF
3-2: Fly out, F5 (Popup, 15, EV 81.9 MPH)
Batting: RHB Arturo Santos 0-0: Intentional Walk
Batting: LHB Mike LeBlanc 0-0: Foul Ball, location: 25F
0-1: Ball
1-1: 3-RUN HOME RUN (Flyball, 89XD, EV 99.4 MPH), Distance : 375 ft
Pitching: RHP Jim Unknown
Batting: RHB Walt Nelson 0-0: Called Strike
0-1: TRIPLE (Flyball, 9LD, EV 110.0 MPH)
Batting: LHB Luis Carrasco 0-0: Ball
1-0: Ball
2-0: Swinging Strike
2-1: Foul Ball, location: 3DF
2-2: Fly out, F7 (Flyball, 7, EV 86.3 MPH)
Runner from 3rd tags up, SCORES, throw by LF
Batting: RHB Arturo Montés 0-0: Ball
1-0: Ball
2-0: Ball
3-0: Base on Balls
Batting: RHB Manny Díaz 0-0: Ball
1-0: SINGLE (Line Drive, 8RS, EV 105.6 MPH)
Arturo Montés to second
Runner from 2nd tries for 3rd, SAFE, throw by CF made to third
Batting: RHB Alfredo Ramírez 0-0: Fly out, F4 (Popup, 34, EV 80.6 MPH)
Bottom of the 8th over - 4 runs, 4 hits, 0 errors, 2 left on base; Tampa 5 - Palm Beach 11
TOP OF THE 9TH
Tampa Tarpons batting - Pitching for Palm Beach Cardinals : RHP Juan Sánchez
Batting: RHB Jim Unknown 0-0: Called Strike
0-1: Foul Ball, location: 3DF
0-2: Ball
1-2: Fly out, F8 (Flyball, 8RS, EV 93.8 MPH)
Pinch Hitting: RHB Jim Unknown 0-0: Ball
1-0: Foul Ball, location: 9LSF
1-1: Ball
2-1: Ground out 6-3 (Groundball, 6MS, EV 85.6 MPH)
Batting: RHB Héctor Brajo 0-0: Called Strike
0-1: Called Strike
0-2: Strikes out swinging
Top of the 9th over - 0 runs, 0 hits, 0 errors, 0 left on base; Tampa 5 - Palm Beach 11
Monday, April 1st , 2024 - OOTP Baseball 24.10 Build 82